 Dungeon Crawl Stone Soup version 0.23-a0-143-g1adec7b (webtiles) character file.

919 mopl the Magician (level 7, -1/36 HPs)
             Began as a Deep Elf Fire Elementalist on Sept 3, 2018.
             Slain by an ice beast (6 damage)
             ... on level 5 of the Dungeon.
             The game lasted 00:08:33 (4099 turns).

mopl the Magician (Deep Elf Fire Elementalist)      Turns: 4099, Time: 00:08:35

Health: -1/36      AC:  3    Str:  5    XL:     7   Next: 83%
Magic:  15/19      EV: 13    Int: 22    God:
Gold:   316        SH:  0    Dex: 15    Spells: 4/20 levels left

rFire    . . .     SeeInvis .   (no weapon)
rCold    . . .     Gourm    .   (no shield)
rNeg     . . .     Faith    .   a - +0 robe
rPois    .         Spirit   .   t - +0 hat
rElec    .         Reflect  .   e - +0 cloak
rCorr    .         Harm     .   (no gloves)
MR       .....                  (no boots)
Stlth    ++........             (no amulet)
HPRegen  0.12/turn              d - ring of flight
MPRegen  0.16/turn              (no ring)

@: no status effects
A: no striking features
a: Evoke Flight


You were on level 5 of the Dungeon.
You were not hungry.

You visited 1 branch of the dungeon, and saw 5 of its levels.

You collected 316 gold pieces.

Inventory:

Armour
 a - a +0 robe (worn)
 e - a +0 cloak (worn)
 t - a +0 hat (worn)
Jewellery
 d - a ring of flight (left hand)
Scrolls
 f - 2 scrolls of noise {unknown}
 i - a scroll of teleportation
 j - a scroll of remove curse
 q - a scroll of fog {unknown}
 u - 2 scrolls of blinking
 w - a scroll of enchant weapon {unknown}
 x - a scroll of amnesia {unknown}
 y - 2 scrolls of magic mapping {unknown}
Potions
 b - 2 potions of heal wounds
 g - a potion of curing
 h - a potion of invisibility
 k - a potion of flight
 l - a potion of berserk rage {!q}
 m - a potion of brilliance
 n - a potion of agility
 p - 2 potions of ambrosia
 r - 3 potions of might
Comestibles
 c - 7 rations
 s - 2 chunks of flesh


   Skills:
 - Level 2.4 Dodging
 - Level 2.4 Stealth
 + Level 7.3 Spellcasting
 + Level 5.6 Conjurations
 + Level 6.6 Fire Magic


You had 4 spell levels left.
You knew the following spells:

 Your Spells              Type           Power        Failure   Level  Hunger
a - Flame Tongue          Conj/Fire      #####        1%          1    None
c - Conjure Flame         Conj/Fire      #####...     1%          3    None
d - Sticky Flame          Conj/Fire      #####...     6%          4    ###....
f - Fireball              Conj/Fire      #####.....   19%         5    #####..
h - Inner Flame           Hex/Fire       ###.....     6%          3    None

Your spell library contained the following spells:

 Spells                   Type           Power        Failure   Level  Hunger
 Magic Dart               Conj           ####         1%          1    None
 Throw Flame              Conj/Fire      #####.       1%          2    None
 Mephitic Cloud           Conj/Pois/Air  ###.....     11%         3    None
 Blink                    Tloc           N/A          12%         2    None
 Call Imp                 Summ           #.......     12%         2    None
 Slow                     Hex            #.......     12%         2    None


Dungeon Overview and Level Annotations

Branches:
Dungeon (5/15)
 Temple: D:4-7

Altars:
Cheibriados
Dithmenos
Hepliaklqana
Ru
Sif Muna
Wu Jian


Message History

Aim: an ice beast (heavily wounded)
The flame tongue hits the ice beast.
The ice beast appears unharmed.
The ice beast is heavily wounded.
The ice beast hits you. The ice beast freezes you!
* * * LOW HITPOINT WARNING * * *
Unknown command.
The ice beast barely misses you.
You see here 18 arrows.
Casting: Flame Tongue (safe; 1% risk of failure)
Confirm with . or Enter, or press ? or * to list all spells.
Aiming: Sticky Flame (safe; 6% risk of failure)
Press: ? - help, Shift-Dir - straight line, f/p - ice beast
Aim: an ice beast (moderately wounded)
The sticky flame hits the ice beast.
The ice beast is moderately wounded.
The ice beast is covered in liquid flames!
The ice beast burns!
The ice beast hits you.
* * * LOW HITPOINT WARNING * * *
The ice beast freezes you.
You die...

#.....# #........# #.#
#.# #.....####........#
#.# #.##
#.......##(.......###.#
#.#.
#.....#.##........##..#
#.#.
#####..)....########.##
#.#. ####.......####..#
##.#.
####.##......####....
#Y####.....(##..## #@##
##.###..#..# #..# ##.#
##....## ##.# #..#
###...# #.###.## ##....
#.)##.# ###...#.
##....# #.....## ###..#
##...### #..###!.###
#####...#


You could see an ice beast (burning).

Vanquished Creatures
  A sky beast (D:5)
  2 ogres
  A centaur (D:3)
  A scorpion (D:5)
  A howler monkey (D:5)
  A crimson imp (D:5)
  2 hounds
  2 jellies (D:3)
  2 centaur skeletons
  3 worker ants (D:4)
  A worker ant zombie (D:5)
  3 adders
  3 gnolls (D:2)
  9 oozes (D:3)
  4 worms
  A leopard gecko (D:5)
  11 orcs
  A ball python (D:3)
  5 bats
  5 giant cockroaches
  9 hobgoblins
  4 jackals (D:2)
  A quokka (D:2)
  3 frilled lizards
  5 goblins
  16 kobolds
  3 rats
100 creatures vanquished.

Vanquished Creatures (others)
  8 toadstools (D:3)
8 creatures vanquished.

Grand Total: 108 creatures vanquished

Notes
Turn   | Place    | Note
-------+----------+-------------------------------------------
     0 | D:1      | mopl the Deep Elf Fire Elementalist began the quest for the
                  | Orb.
     0 | D:1      | Reached XP level 1. HP: 10/10 MP: 6/6
   233 | D:1      | Reached XP level 2. HP: 15/15 MP: 5/8
   533 | D:1      | You fall through a shaft!
   577 | D:2      | Found an ornate altar of the Wu Jian Council.
   832 | D:2      | Reached skill level 2 in Conjurations
   835 | D:2      | Reached XP level 3. HP: 19/19 MP: 1/10
   880 | D:2      | Reached skill level 4 in Fire Magic
   975 | D:2      | Found a sacrificial altar of Ru.
  1096 | D:2      | Reached skill level 4 in Spellcasting
  1101 | D:2      | Learned a level 3 spell: Conjure Flame
  1476 | D:2      | Reached XP level 4. HP: 24/24 MP: 10/12
  1482 | D:2      | Learned a level 4 spell: Sticky Flame
  1711 | D:3      | Noticed a centaur
  1724 | D:3      | Killed a centaur
  1724 | D:3      | Reached skill level 3 in Conjurations
  1724 | D:3      | Reached XP level 5. HP: 22/28 MP: 9/14
  2050 | D:3      | Found a hazy altar of Hepliaklqana.
  2135 | D:3      | Learned a level 3 spell: Inner Flame
  2163 | D:3      | Reached skill level 5 in Spellcasting
  2284 | D:3      | Reached skill level 5 in Fire Magic
  2288 | D:3      | Reached XP level 6. HP: 32/32 MP: 10/16
  2432 | D:3      | Reached skill level 4 in Conjurations
  2972 | D:4      | Reached skill level 6 in Spellcasting
  3002 | D:4      | Learned a level 5 spell: Fireball
  3369 | D:4      | Reached XP level 7. HP: 36/36 MP: 15/18
  3653 | D:5      | Entered Level 5 of the Dungeon
  3676 | D:5      | Found a snail-covered altar of Cheibriados.
  3759 | D:5      | Reached skill level 6 in Fire Magic
  3767 | D:5      | Reached skill level 5 in Conjurations
  3872 | D:5      | Reached skill level 7 in Spellcasting
  3877 | D:5      | Got a bloodstained mace
  3878 | D:5      | Identified the cursed +1 mace of Xom's Generosity
                  | {antimagic, rN+ SInv} (You found it on level 5 of the
                  | Dungeon)
  3983 | D:5      | Found a deep blue altar of Sif Muna.
  3983 | D:5      | Found a shadowy altar of Dithmenos.
  4099 | D:5      | Slain by an ice beast

Vault maps used:
D:1:      lemuel_arrival_funnel
D:2:      nicolae_ru_the_path_less_chosen, old_standard_altar,
          hangedman_decor_clover_reticule
D:3:      cheibrodos_fertilizer, overflow_temple_1_default
D:5:      zin_academy, gammafunk_temple_overflow_wave, first_ration, basic_altar

Skill      XL: |  1  2  3  4  5  6  7 |
---------------+----------------------+-----
Conjurations   | 2 3 4 5 |  5.6
Fire Magic     | 4 5 6 |  6.6
Spellcasting   | 4 5 6 7 |  7.3
Dodging        | |  2.4
Stealth        | |  2.4

Action                   |  1- 3 |  4- 6 |  7- 9 || total
-------------------------+-------+-------+-------++-------
Melee: Unarmed           |     1 |       |     7 ||     8
 Cast: Flame Tongue      |    67 |   101 |    33 ||   201
       Conjure Flame     |       |     1 |       ||     1
       Sticky Flame      |       |     2 |     4 ||     6
  Use: Scroll            |       |     4 |     9 ||    13
       Potion            |       |     2 |     1 ||     3
  Eat: Chunk             |     2 |     6 |     2 ||    10
Armor: Robe              |     4 |     3 |     1 ||     8
Dodge: Dodged            |    30 |    30 |    10 ||    70

Table legend:
 A = Non-vault XP
 B = Vault XP
 C = Vault XP percentage of total XP
 D = Non-vault monster count
 E = Vault monster count
 F = Vault count percentage of total count
                 A         B        C        D         E       F
            +---------+---------+-------+---------+---------+-------
      Total |    1163 |     151 |  11.5 |      82 |      18 |  18.0
            +---------+---------+-------+---------+---------+-------
        D:1 |      25 |       0 |   0.0 |      17 |       0 |   0.0
        D:2 |      72 |       0 |   0.0 |      17 |       0 |   0.0
        D:3 |     325 |     151 |  31.7 |      27 |      18 |  40.0
        D:4 |     195 |       0 |   0.0 |       9 |       0 |   0.0
        D:5 |     546 |       0 |   0.0 |      12 |       0 |   0.0
            +---------+---------+-------+---------+---------+-------
